 Dungeon Crawl Stone Soup version 0.26-a0-1132-ge9770dfcb6 (webtiles) character file.

Game seed: 16003709805028897782

41 ANON1729 the Insei (level 3, 0/40 HPs)
             Began as a Merfolk Transmuter on Dec 20, 2020.
             Succumbed to an adder's poison
             ... on level 2 of the Dungeon.
             The game lasted 00:01:49 (1258 turns).

ANON1729 the Insei (Merfolk Transmuter)             Turns: 1258, Time: 00:01:49

Health: 0/40       AC: 21    Str:  9 (10) XL:     3   Next: 52%
Magic:  6/6        EV:  2    Int: 10 (13) God:
Gold:   29         SH:  0    Dex: 12 (14) Spells: 6/6 levels left

rFire    . . .     SeeInvis .     - Unarmed
rCold    . . .     Faith    .   (no shield)
rNeg     + + +     Spirit   .   (armour currently unavailable)
rPois    +         Reflect  .   (helmet currently unavailable)
rElec    .         Harm     .   (cloak currently unavailable)
rCorr    .         Rampage  .   (gloves currently unavailable)
Will     .....     NoTele   +   (boots currently unavailable)
Stlth    +.........             (no amulet)
HPRegen  0.13/turn              (no ring)
MPRegen  0.10/turn              (no ring)

@: lethally poisoned (0 -> -3), tree-form, hasted, very quick
A: (change form in water), (swift swim), (stealthy swim)
a: no special abilities


You were on level 2 of the Dungeon.
You were a tree.
You visited 1 branch of the dungeon, and saw 2 of its levels.

You collected 29 gold pieces.

Inventory:

Armour
 a - a +0 robe (melded)


   Skills:
 + Level 1.8 Fighting
 + Level 3.2 Dodging
 + Level 3.7 Unarmed Combat
 + Level 2.3 Spellcasting
 + Level 3.2 Transmutations


You had 6 spell levels left.
You didn't know any spells.
Your spell library contained the following spells:

 Spells                   Type           Power        Failure   Level
 Beastly Appendage        Tmut           14%          8%          1
 Wereblood                Tmut           7%           12%         2
 Spider Form              Tmut/Pois      2%           43%         3
 Ice Form                 Ice/Tmut       4%           83%         4
 Blade Hands              Tmut           3%           91%         5


Dungeon Overview and Level Annotations

Branches:
Dungeon (2/15)

Altars:


Message History

Orders for allies: a - Attack new target. r - Retreat! s - Stop attacking. g - Guard the area. f - Follow me.
Anything else - Cancel.
You creak for attention!
The bat hits you but does no damage. What are your orders? t - Creak!
Orders for allies: a - Attack new target. r - Retreat! s - Stop attacking. g - Guard the area. f - Follow me.
Anything else - Cancel.
You creak for attention!
* * * LOW HITPOINT WARNING * * *
You feel sick. The bat hits you but does no damage.
You closely miss the bat. The bat hits you but does no damage.
You closely miss the bat. The bat hits you but does no damage. x2
You hit the bat.
The bat is moderately wounded.
You die...

#.#
#.#
#.#
#.#
#.#
#.#
#.#
#.#
#♣#
#b#
#.#
#.#
#.#
...
#.#
#.#


You could see a bat.

Vanquished Creatures
  An adder (D:2)
  3 goblins (D:1)
  6 hobgoblins
  A ball python (D:1)
  7 bats
  6 frilled lizards (D:1)
  3 kobolds
  8 rats
35 creatures vanquished.

Notes
Turn   | Place    | Note
-------+----------+-------------------------------------------
     0 | D:1      | ANON1729 the Merfolk Transmuter began the quest for the
                  | Orb.
     0 | D:1      | Reached XP level 1. HP: 15/15 MP: 3/3
   479 | D:1      | Reached XP level 2. HP: 21/21 MP: 5/5
   974 | D:2      | Reached XP level 3. HP: 27/27 MP: 6/6
  1251 | D:2      | HP: 2/40 [poisoned by an adder]
  1258 | D:2      | Succumbed to an adder's poison

Illustrated notes

Levels and vault maps discovered:
D:1:      erik_arrival_cave_to_civilisation [erik_arrival_cave_to_temple],
          layout_basic
D:2:      layout_basic

Skill      XL: |  1  2 |
---------------+-------+-----
Dodging        | 3 |  3.2
Transmutations | 3 |  3.2
Fighting       | |  1.8
Unarmed Combat | |  3.7
Spellcasting   | |  2.3

Action                   || total
-------------------------++-------
Melee: Unarmed           ||   103
       Headbutt          ||     1
       Punch             ||     1
 Cast: Beastly Appendage ||     3
  Use: Potion            ||     4
       Scroll            ||     1
 Stab: Sleeping          ||     3
Armor: Robe              ||    24
       Skin              ||     9
Dodge: Dodged            ||    77

Table legend: (Time is in decaauts)
 A = Elapsed time spent in this place.
 B = Non-inter-level travel time spent in this place.
 C = Inter-level travel time spent in this place.
 D = Time resting spent in this place.
 E = Time spent auto-exploring this place.
 F = Levels seen in this place.
 G = Mean time per level.
                   A        B        C        D        E       F      G
               +--------+--------+--------+--------+--------+-----+--------+
         Total |   1241 |   1237 |      4 |    123 |    890 |   2 |  620.5 |
       Dungeon |   1241 |   1237 |      4 |    123 |    890 |   2 |  620.5 |
               +--------+--------+--------+--------+--------+-----+--------+

Top non-repeatable levels by time:
     D:1: 965 daAuts
     D:2: 276 daAuts
